Map: Submarine LE

Players

BerryRAWR - Winner!

  • Race: Terran Terran
  • League: Grandmaster
  • Spawn Location: 11:00

aGiLe

  • Race: Zerg Zerg
  • League: Grandmaster
  • Spawn Location: 5:00

VOD

Have the link to the VOD?

Description

Time

  • Played on: June 18, 2020, 2:18 a.m.
  • Length: 12:45
Show
View Real Time Build Order
Export as new Build Order

BerryRAWR Terran - Winner!

Build Orders: Gas First Reaper Expand, Hellion Opening, Liberator Opening 

Get SALT Encoding   

  12  0:01  SCV  
  13  0:13  SCV  
  14  0:17  Supply Depot  
  14  0:25  SCV  
  15  0:29  Refinery  
  15  0:39  SCV  
  16  0:46  Barracks  
  16  0:51  SCV  
  17  1:04  SCV  
  18  1:16  SCV  
  19  1:33  Reaper, Orbital Command  
  20  1:48  Command Center  
  20  1:59  Factory  
  20  2:03  SCV  
  20  2:07  Barracks Reactor  
  21  2:15  SCV, Supply Depot  
  21  2:20  Refinery  
  22  2:28  SCV  
  23  2:40  SCV  
  24  2:50  Starport  
  24  2:52  SCV  
  24  2:55  Hellion x2  
  29  2:58  Marine  
  29  3:04  SCV  
  29  3:05  Orbital Command  
  31  3:16  SCV, Hellion  
  31  3:17  Hellion  
  36  3:28  Viking, SCV  
  36  3:31  SCV  
  40  3:38  Supply Depot  
  40  3:41  SCV  
  41  3:43  SCV, Hellion  
  41  3:46  Hellion  
  46  3:57  SCV  
  41  4:04  Hellion  
  41  4:05  Liberator  
  41  4:09  Orbital Command  
  44  4:16  SCV  
  45  4:23  Command Center  
  45  4:27  Barracks Tech Lab  
  45  4:28  SCV  
  46  4:32  Hellion  
  46  4:36  Hellion  
  50  4:39  SCV  
  50  4:43  SCV  
  52  4:46  Marine  
  53  5:01  Stimpack  
  53  5:02  SCV  
  53  5:06  Factory Reactor  
  54  5:13  Barracks  
  54  5:14  Supply Depot  
  54  5:16  Marine, Liberator  
  54  5:17  SCV x2  
  60  5:29  SCV x2  
  60  5:30  Engineering Bay  
  60  5:31  Engineering Bay  
  60  5:35  Marine  
  63  5:41  SCV  
  64  5:43  SCV  
  64  5:52  Marine  
  64  5:53  SCV, Barracks  
  64  5:55  SCV  
  67  6:00  Marine  
  67  6:01  Marine, Factory Tech Lab  
  69  6:05  Starport Reactor  
  69  6:10  Supply Depot, Marine  
  67  6:13  Terran Infantry Weapons Level 1  
  67  6:18  SCV x2, Marine  
  69  6:19  Marine  
  71  6:27  Siege Tank  
  71  6:31  Marine  
  71  6:32  Barracks  
  75  6:33  Barracks  
  75  6:37  Marine  
  75  6:39  SCV x2  
  78  6:40  Orbital Command  
  78  6:44  Marine  
  78  6:46  Marine  
  80  6:51  SCV, Refinery x2  
  80  6:52  SCV  
  82  6:57  Marine  
  82  6:59  Marine x2  
  85  7:02  Marine  
  85  7:04  SCV x2  
  85  7:06  Marine  
  89  7:14  Siege Tank  
  85  7:15  Marine  
  85  7:16  Marine  
  85  7:17  Marine  
  80  7:24  Marine x4  
  80  7:26  Medivac x2  
  80  7:28  SCV  
  80  7:29  SCV x2  
  89  7:31  Armory  
  89  7:33  Combat Shield, Marine  
  90  7:42  Marauder, Marine  
  93  7:51  Marine x2  
  93  7:52  Marine  
  93  7:55  Engineering Bay  
  93  7:56  Siege Tank  
  75  8:13  Marauder  
  75  8:15  SCV  
  75  8:17  SCV  
  75  8:18  SCV  
  78  8:20  Marine  
  78  8:21  Barracks Reactor x2, Marine x3  
  78  8:24  Orbital Command  
  82  8:27  SCV  
  82  8:29  SCV  
  84  8:35  Siege Tank  
  87  8:41  Marine x2  
  87  8:42  Marine x2, Terran Infantry Weapons Level 2  
  87  8:44  Terran Infantry Armor Level 1  
  87  8:47  SCV x2  
  93  8:52  Supply Depot  
  93  8:53  SCV, Supply Depot  
  93  8:54  Supply Depot  
  94  8:59  Supply Depot  
  94  9:00  Supply Depot, Marine x2  
  94  9:01  Marine  
  94  9:02  Marine x4  
  101  9:11  Missile Turret  
  101  9:12  Refinery, Missile Turret  
  101  9:13  Marine  
  101  9:14  SCV x3, Supply Depot, Marine  
  101  9:15  Supply Depot  
  106  9:17  Marine  
  106  9:18  Marine x2, Siege Tank  
  106  9:19  Marine  
  106  9:22  Marine  
  114  9:26  SCV  
  114  9:27  Marine  
  114  9:28  Marine  
  114  9:29  Concussive Shells  
  114  9:30  Medivac  
  119  9:31  Marine x2  
  119  9:35  Marine  
  119  9:37  SCV x2  
  119  9:38  SCV  
  122  9:45  Refinery  
  122  9:46  Marine x5  
  122  9:47  Marine  
  122  9:49  SCV x2, Marine  
  122  9:50  SCV, Marauder  
  134  9:53  Supply Depot  
  134  9:55  Supply Depot  
  134  9:56  Supply Depot  
  134  9:57  Siege Tank  
  137  10:01  SCV  
  137  10:02  Medivac, Sensor Tower  
  137  10:05  Medivac  
  142  10:09  Marine x3  
  142  10:11  Terran Vehicle Weapons Level 1  
  145  10:15  Supply Depot  
  145  10:17  Marine  
  145  10:18  Supply Depot  
  146  10:23  Marine  
  146  10:24  Marine x2  
  146  10:25  Marine  
  150  10:29  Siege Tank  
  153  10:38  Marine x4  
  153  10:39  Marine  
  153  10:41  Marine  
  157  10:46  Marine  
  157  10:47  Marine x2  
  160  10:55  Medivac  
  160  10:56  Marine x4  
  166  10:57  Supply Depot, Marauder  
  166  11:01  Siege Tank  
  144  11:27  SCV x2, Factory  
  144  11:29  Command Center, Marine  
  144  11:32  Marine x2  
  147  11:33  Marine x6, Siege Tank  
  155  11:47  Marine  
  155  11:50  Marine x4  
  151  12:02  Marine x3  
  151  12:03  Marine  
  151  12:05  Marine, Siege Tank  
  151  12:08  Marine x2  
  155  12:15  Orbital Command  
  150  12:23  Marine x2  
Show
View Real Time Build Order
Export as new Build Order

aGiLe Zerg 

Build Orders: Hatch First 

Get SALT Encoding   

  12  0:01  Drone  
  13  0:12  Overlord  
  13  0:17  Drone  
  14  0:30  Drone x2  
  14  0:34  Drone  
  17  0:53  Hatchery  
  17  0:55  Drone  
  17  0:57  Drone  
  18  1:11  Spawning Pool  
  17  1:12  Extractor  
  17  1:15  Drone  
  17  1:18  Drone  
  18  1:27  Drone  
  19  1:40  Overlord  
  19  1:57  Queen  
  19  1:59  Zergling x2  
  19  2:00  Zergling x2  
  23  2:05  Queen  
  23  2:06  Drone  
  26  2:16  Drone x2, Metabolic Boost  
  28  2:27  Extractor  
  28  2:32  Hatchery  
  27  2:49  Drone  
  27  2:50  Drone x5  
  32  3:02  Overlord  
  32  3:04  Overlord  
  32  3:15  Zergling x6  
  34  3:28  Zergling x8  
  34  3:29  Zergling x4  
  40  3:36  Queen  
  42  3:53  Drone x3  
  44  4:06  Drone  
  44  4:07  Drone x8  
  52  4:14  Queen  
  52  4:15  Queen  
  52  4:16  Queen  
  57  4:19  Overlord x2  
  57  4:26  Extractor  
  57  4:27  Extractor  
  57  4:30  Evolution Chamber  
  54  4:32  Overlord x3, Extractor  
  53  4:45  Drone  
  53  4:46  Drone x3  
  53  4:49  Overlord  
  57  4:54  Drone  
  57  4:55  Drone x4  
  57  4:59  Lair  
  62  5:07  Drone x2  
  62  5:08  Roach Warren, Drone x4  
  62  5:11  Drone  
  68  5:14  Zerg Missile Weapons Level 1  
  68  5:18  Overlord  
  68  5:31  Drone x2  
  68  5:32  Drone x2  
  70  5:51  Roach x10  
  70  5:52  Roach  
  83  6:13  Overlord x2, Glial Reconstitution  
  82  6:43  Overlord x3  
  80  6:53  Roach x7  
  80  6:54  Roach x3  
  100  6:56  Roach x2  
  102  7:12  Roach x2  
  102  7:13  Roach x2  
  104  7:22  Roach x3  
  105  7:27  Roach x2  
  109  7:35  Zerg Missile Weapons Level 2, Roach x4  
  103  7:53  Roach x4  
  63  8:14  Drone  
  63  8:15  Drone x9  
  73  8:21  Hydralisk Den  
  73  8:26  Infestation Pit  
  71  8:32  Drone x6  
  77  8:40  Extractor  
  76  8:41  Drone  
  76  8:42  Drone x6, Extractor  
  76  8:48  Hatchery  
  81  8:54  Drone x3  
  84  8:57  Evolution Chamber  
  84  9:02  Drone  
  84  9:03  Drone x4  
  88  9:12  Grooved Spines  
  88  9:18  Roach  
  88  9:19  Roach x7  
  88  9:23  Zerg Ground Armor Level 1  
  88  9:24  Hive  
  102  9:32  Hydralisk x2  
  102  9:35  Extractor  
  105  9:55  Roach x3  
  105  9:56  Roach x3  
  105  9:57  Roach x5  
  105  9:58  Roach x2  
  131  10:05  Hydralisk  
  131  10:06  Hydralisk  
  135  10:07  Overlord x3  
  135  10:10  Drone x5  
  135  10:11  Extractor  
  139  10:17  Extractor  
  139  10:19  Overlord x2  
  138  10:35  Hydralisk x9  
  140  10:39  Drone x2  
  158  10:45  Muscular Augments  
  158  10:55  Roach x4  
  158  10:56  Roach x4  
  146  11:17  Roach  
  146  11:18  Roach x11  
  136  11:29  Roach x2  
  136  11:30  Roach x2  
  127  11:54  Viper x3  
  113  11:59  Roach  
  113  12:00  Roach x2  
  116  12:01  Roach  
  116  12:02  Zergling x4  
  116  12:07  Hydralisk  
  114  12:13  Hydralisk  
Tags
 
Add a new tag
Caveats
  • Supply blocks, unpowered buildings, or Contaminate may cause inaccurate times.
  • Supply counts are checked every 10 seconds.